AoeStats
← EduAguirre

Arena

508965239Analyzed
1v1 RM · 8d ago on Sep 24, 2026· 42m 24s· 2 players
Game mode
Random Map
Map size
Tiny (2 player)
Population
200
Speed
Normal
Resources
Standard
Victory
Conquest
Starting age
Dark Age
Ending age
Imperial Age
RankedLock teamsTeams togetherTeam positionsShared explorationLock speedFull tech treeHidden civsTurbo modeCheats
Victory
Defeat
🇪🇨 Turks · Ecuador
1017
+17
🇺🇸 Saxons · United States
1035
-17
EduAguirre
11:23 Feudal Age
16:21 Castle Age
18:05 Double-Bit Axe
22:01 Imperial Age
19:56 Padded Archer Armor
20:38 Loom
20:59 Horse Collar
24:01 Leather Archer Armor
26:38 Gold Mining
31:08 Wheelbarrow
30:21 Town Watch
30:39 Heavy Plow
31:51 Bow Saw
33:11 Ring Archer Armor
33:27 Stone Mining
36:42 Fletching
36:37 Treadmill Crane
37:17 Ballistics
37:09 Masonry
38:08 Conscription
37:49 Artillery
38:30 Bodkin Arrow
39:44 Gold Shaft Mining
40:47 Hoardings
GooseBerry
10:05 Feudal Age
15:10 Castle Age
13:51 Horse Collar
13:58 Double-Bit Axe
20:08 Heavy Plow
21:57 Gold Mining
23:30 Elite Skirmisher
25:27 Town Watch
27:38 Wheelbarrow
27:03 Town Patrol
27:09 Town Patrol
27:33 Bow Saw
28:04 Gold Shaft Mining
30:46 Stone Mining
31:19 Hand Cart
33:36 Imperial Age
30:53 Loom
33:30 Ballistics
33:02 Fletching
33:14 Scale Mail Armor
33:08 Gambesons
33:23 Squires
33:09 Arson
33:27 Clerical Recruitment
34:22 Thumb Ring
33:41 Elite Varangian Guard
34:49 Crossbowman
36:00 Arbalester
36:38 Bodkin Arrow
36:44 Padded Archer Armor
37:19 Bracer
38:31 Husbandry
38:41 Bloodlines
37:53 Cavalier
39:59 Chemistry
39:34 Shield Wall
40:34 Conscription
40:32 Redemption
40:14 Light Cavalry
42:57 Leather Archer Armor
Connection lost

Rejoining the realm…

Still unreachable

The connection could not be restored.

Session expired

The server has moved on; the page needs a fresh start.